 Dungeon Crawl Stone Soup version 0.30.0-10-gfe55d96785 (webtiles) character file.

Game seed: 11672111954416041636

340 GigaChad the Shield-Bearer (level 6, -10/48 HPs)
             Began as a Formicid Fighter on May 16, 2023.
             Killed by divine providence
             ... invoked by an orc priest
              (14 damage)
             ... on level 4 of the Dungeon.
             The game lasted 00:02:53 (2112 turns).

GigaChad the Shield-Bearer (Formicid Fighter)       Turns: 2112, Time: 00:02:53

Health: -10/48     AC:  9    Str: 23    XL:     6   Next: 87%
Magic:  6/6        EV:  8    Int:  7    God:
Gold:   218        SH:  5    Dex: 13    Spells: 5/5 levels left

rFire   . . .        a - +1 war axe (spect)
rCold   . . .        c - +0 buckler
rNeg    . . .        o - +0 chain mail
rPois   .            (helmet unavailable)
rElec   .            (no cloak)
rCorr   .            (no gloves)
SInv    +            (no boots)
Will    .....        (no amulet) Stlth
                     (no ring)
HPRegen 0.28/turn    (no ring)
MPRegen 0.10/turn

%: no passive effects
@: no status effects
A: permanent stasis, dig shafts and tunnels, antennae 3, four strong arms
a: Dig, Shaft Self


You were on level 4 of the Dungeon.
You visited 1 branch of the dungeon, and saw 4 of its levels.

You collected 218 gold pieces.

Inventory:

Hand Weapons
 a - a +1 spectral war axe (weapon)
Armour
 b - a +0 scale mail
 c - a +0 buckler (worn)
 o - a +0 chain mail (worn)
Jewellery
 j - a ring of ice
 l - a +6 ring of intelligence
Wands
 g - a wand of roots (7)
 m - a wand of acid (11)
Scrolls
 i - a scroll of silence
 q - a scroll of identify
Potions
 d - a potion of might
 f - a potion of magic {unknown}
 h - 5 potions of curing
 k - a potion of lignification
 n - a potion of attraction {unknown}
 p - 2 potions of flight {unknown}


   Skills:
 * Level 4.3 Fighting
 * Level 5.0 Axes
 * Level 4.4 Armour
 - Level 0.1 Dodging
 * Level 5.0 Shields


You had 5 spell levels left.
You didn't know any spells.
Your spell library was empty.

Dungeon Overview and Level Annotations

Branches:
Dungeon (4/15)
 Temple: D:4-7

Altars:

Annotations:
D:3 2 transporters, Arex's ghost, amateur DrMo
D:4 1 runed translucent door, Xolotl's ghost, amateur DsDe


Innate Abilities, Weirdness & Mutations

You cannot be hasted, slowed, berserked, paralysed or teleported.
You can dig through walls and to a lower floor.
You have a pair of large antennae on your head. (SInv)
Your four strong arms can wield two-handed weapons with a shield.


Message History

Your +0 chain mail melds into your body.
Your roots penetrate the ground.
Your +1 spectral war axe disappears.
The orc hits you but does no damage.
Unknown command.
You slash the orc!
You kill the orc!
You hit the orc.
Your +1 spectral war axe barely misses the orc.
An orc priest comes into view. It is wielding a +0 hand axe.
The orc shoots an arrow.
The arrow barely misses your +1 spectral war axe.
The arrow hits you but does no damage. The orc barely misses you.
You cannot move.
You cannot move.
Unknown command.
You are too injured to fight recklessly!
You are too injured to fight recklessly!
You are too injured to fight recklessly!
Unknown command.
Unknown command.
You are too injured to fight recklessly!
You hit the orc.
You kill the orc!
Your +1 spectral war axe disappears.
The orc shoots an arrow.
The arrow hits you but does no damage.
You cannot move.
Your magical effects are unravelling.
You feel magically purged.
You feel less wooden.
Your +0 chain mail unmelds from your body.
The orc shoots an arrow.
The arrow hits you but does no damage.
Aiming: Corrosive Bolt
Press: ? - help, Q - select action, (/) - cycle Shift-Dir - straight line, f - orc priest
Aim: an orc priest, wielding a +0 hand axe and wearing a +0 leather armour (71% to hit)
The bolt of acid hits the orc priest!
The orc priest is severely wounded.
The orc priest invokes the aid of Beogh against you.
Beogh smites you!
You die...

..... ######.#{~.#
##..#.~.#
##...#W~.#
##....#.~.#
#.....#.$.# .
##?....#####..
##.............
##...!......(...
#.......@.......
#..$....))...o..
..............o..
..................
###...............
###.............
#.............
#.............


You could see an orc priest and an orc.

Vanquished Creatures
  Sigmund (D:2)
  Jessica (D:3)
  Ijyb (D:3)
  6 adders
  2 worms
  2 dart slugs
  4 orcs
  5 ball pythons
  7 endoplasms
  A giant cockroach (D:2)
  3 goblins
  3 hobgoblins
  4 quokkas
  3 bats
  2 frilled lizards
  4 kobolds
  7 rats
56 creatures vanquished.

Notes
Turn   | Place    | Note
-------+----------+-------------------------------------------
     0 | D:1      | GigaChad the Formicid Fighter began the quest for the Orb.
     0 | D:1      | Reached XP level 1. HP: 18/18 MP: 1/1
   313 | D:1      | Found a faded altar of an unknown god.
   318 | D:1      | Reached XP level 2. HP: 24/24 MP: 2/2
   680 | D:2      | Reached XP level 3. HP: 29/29 MP: 3/3
   870 | D:2      | Reached XP level 4. HP: 22/37 MP: 4/4
  1009 | D:2      | Noticed Sigmund
  1029 | D:2      | Killed Sigmund
  1030 | D:2      | Reached XP level 5. HP: 23/42 MP: 5/5
  1030 | D:2      | Reached XP level 6. HP: 27/48 MP: 6/6
  1579 | D:3      | Noticed Ijyb
  1589 | D:3      | Killed Ijyb
  1691 | D:3      | Noticed Arex's ghost (amateur DrMo)
  1703 | D:3      | Found a transporter.
  1716 | D:3      | Noticed Jessica
  1725 | D:3      | Killed Jessica
  1726 | D:3      | Reached skill level 5 in Shields
  1934 | D:3      | Found a transporter.
  2066 | D:4      | Reached skill level 5 in Axes
  2087 | D:4      | Found a runed translucent door.
  2088 | D:4      | Noticed Xolotl's ghost (amateur DsDe)
  2112 | D:4      | Killed from afar by an orc priest

Illustrated notes

Levels and vault maps discovered:
D:1:      lightli_arrival_chessboard, layout_loops_ring,
          hellmonk_ecumenical_altar_arch_garden, minmay_quantized
D:2:      layout_rooms, uniq_sigmund
D:3:      layout_basic, gammafunk_ghost_stat_death, uniq_jessica, uniq_ijyb
D:4:      minmay_chambers_of_threes, layout_cave_pods,
          ebering_ghost_reflecting_pool, hangedman_feature_mirror,
          chequers_mini_garden, skrybe_limestone_x, uniq_blork_the_orc

Skill      XL: |  1  2  3  4  5  6 |
---------------+-------------------+-----
Fighting       | 4 |  4.3
Axes           | 4 5 |  5.0
Armour         | 4 |  4.4
Shields        | 5 |  5.0
Dodging        | |  0.1

Action                     |  1- 3 |  4- 6 || total
---------------------------+-------+-------++-------
  Melee: War axe           |    70 |    72 ||   142
  Evoke: Wand              |       |     1 ||     1
    Use: Scroll            |       |     8 ||     8
         Potion            |       |     2 ||     2
 Armour: Scale mail        |    41 |    11 ||    52
         Chain mail        |       |    18 ||    18
         Skin              |       |     3 ||     3
  Dodge: Dodged            |    31 |    28 ||    59
  Block: Buckler           |    19 |    15 ||    34
